AoeStats
← dailing510

Black Forest

509873237Analyzed
4v4 RM · 3d ago on Sep 28, 2026· 41m 0s· 8 players
Game mode
Random Map
Map size
Large (8 player)
Population
200
Speed
Normal
Resources
Standard
Victory
Conquest
Starting age
Dark Age
Ending age
Imperial Age
RankedLock teamsTeams togetherTeam positionsShared explorationLock speedFull tech treeHidden civsTurbo modeCheats
Victory
Defeat
🇩🇪 Goths · Germany
1064
+15
🇹🇷 Bengalis · Türkiye
1039
+16
🇯🇴 Turks · Jordan
1032
+16
🇮🇱 Persians · Israel
1009
+17
🇪🇪 Dravidians · Estonia
1082
-19
🇨🇳 Ethiopians · China
1018
-15
🇹🇼 Britons · Taiwan
1016
-15
🇩🇪 Saxons · Germany
1012
-15
FALCON
1:43 Loom
13:29 Feudal Age
14:14 Double-Bit Axe
19:00 Castle Age
35:21 Wheelbarrow
39:59 Imperial Age
38:36 Fishing Lines
40:37 Pikeman
DER Grieche
0:26 Loom
11:23 Feudal Age
12:33 Double-Bit Axe
14:18 Horse Collar
17:00 Castle Age
18:41 Gold Mining
26:53 Imperial Age
25:07 Wheelbarrow
25:03 Scale Mail Armor
25:14 Forging
24:57 Fletching
26:08 Squires
27:07 Chain Mail Armor
27:27 Iron Casting
28:25 Anarchy
28:46 Conscription
31:26 Blast Furnace
30:22 Bodkin Arrow
32:17 Masonry
34:52 Murder Holes
35:50 Perfusion
38:31 Architecture
38:10 Bodkin Arrow
Shaheen
0:34 Loom
11:43 Feudal Age
12:02 Double-Bit Axe
15:59 Stone Mining
16:07 Gold Mining
19:45 Castle Age
20:30 Bow Saw
21:13 Town Watch
21:58 Horse Collar
24:50 Heavy Plow
30:44 Imperial Age
29:43 Wheelbarrow
32:15 Chemistry
31:42 Hand Cart
31:28 Town Patrol
32:29 Stone Shaft Mining
32:40 Gold Shaft Mining
33:35 Two-Man Saw
34:17 Elite War Elephant
35:41 Scale Mail Armor
35:46 Scale Barding Armor
35:41 Scale Mail Armor
35:51 Forging
35:52 Scale Barding Armor
37:59 Forging
38:19 Chain Barding Armor
41:11 Crop Rotation
41:24 Iron Casting
JorDaN
0:27 Loom
12:28 Feudal Age
13:53 Wheelbarrow
13:09 Double-Bit Axe
13:16 Gold Mining
19:52 Castle Age
18:13 Horse Collar
21:17 Gold Shaft Mining
25:57 Imperial Age
26:51 Stone Mining
28:37 Ballistics
29:54 Padded Archer Armor
31:09 Bow Saw
32:35 Leather Archer Armor
34:56 Murder Holes
39:52 Ring Archer Armor
Myrakaru
0:27 Loom
12:54 Feudal Age
14:44 Horse Collar
19:55 Castle Age
17:50 Gold Mining
17:55 Double-Bit Axe
18:09 Fletching
23:05 Heavy Plow
23:33 Scale Mail Armor
27:33 Ballistics
28:02 Bodkin Arrow
27:30 Pikeman
29:16 Thumb Ring
30:22 Man-at-Arms
30:47 Gambesons
31:03 Squires
35:23 Imperial Age
33:35 Wheelbarrow
32:53 Light Cavalry
33:33 Husbandry
36:37 Hand Cart
36:35 Scale Barding Armor
37:00 Bracer
38:04 Chemistry
39:10 Padded Archer Armor
39:30 Chain Barding Armor
Chronepsis
0:47 Loom
14:02 Feudal Age
16:57 Double-Bit Axe
19:17 Stone Mining
19:45 Horse Collar
22:15 Castle Age
20:25 Gold Mining
22:04 Man-at-Arms
22:30 Arson
24:07 Squires
23:52 Gambesons
23:28 Long Swordsman
23:29 Pikeman
24:15 Padded Archer Armor
24:06 Fletching
24:27 Forging
24:18 Scale Mail Armor
27:49 Bow Saw
29:35 Iron Casting
29:15 Chain Mail Armor
28:54 Crossbowman
32:06 Ballistics
36:48 Thumb Ring
42:25 Imperial Age
dailing510
10:06 Feudal Age
12:07 Double-Bit Axe
16:20 Castle Age
18:55 Bow Saw
21:04 Horse Collar
24:12 Wheelbarrow
23:25 Loom
24:18 Wheelbarrow
30:24 Gold Mining
33:31 Hand Cart
34:04 Husbandry
35:02 Fletching
40:45 Imperial Age
39:29 Light Cavalry
Wawrinka
0:31 Loom
14:11 Feudal Age
15:52 Horse Collar
18:17 Castle Age
16:05 Double-Bit Axe
19:05 Heavy Plow
34:28 Wheelbarrow
35:28 Hand Cart
40:03 Imperial Age
37:41 Fletching
38:20 Elite Skirmisher
39:07 Bodkin Arrow
39:13 Padded Archer Armor
41:01 Bracer
41:17 Leather Archer Armor
Connection lost

Rejoining the realm…

Still unreachable

The connection could not be restored.

Session expired

The server has moved on; the page needs a fresh start.